Map: Central Protocol

Players

redmarine - Winner!

  • Race: Zerg Zerg

Asbek

  • Race: Terran Terran
  • League: Diamond

VOD

Have the link to the VOD?

Description

Time

  • Played on: Nov. 27, 2015, 4:25 a.m.
  • Length: 15:16
Show
View Real Time Build Order
Export as new Build Order

redmarine Zerg - Winner!

Build Orders: Hatch First, Lurkers 

Get SALT Encoding   

  12  0:01  Drone  
  13  0:12  Overlord  
  13  0:17  Drone  
  14  0:31  Drone x2  
  16  0:39  Drone  
  17  0:47  Drone  
  18  0:59  Hatchery  
  17  1:11  Spawning Pool  
  16  1:14  Drone  
  16  1:18  Extractor  
  16  1:19  Drone  
  17  1:26  Drone  
  17  1:29  Drone  
  19  1:42  Overlord  
  19  1:56  Drone  
  19  1:59  Queen  
  22  2:01  Zergling x2  
  23  2:16  Drone, Queen  
  23  2:17  Drone  
  27  2:23  Drone  
  27  2:26  Drone  
  29  2:45  Metabolic Boost, Drone x2  
  31  2:53  Queen  
  31  2:55  Queen  
  35  2:59  Drone  
  35  3:01  Overlord  
  36  3:31  Lair  
  36  3:32  Drone x3  
  36  3:33  Drone, Extractor  
  39  3:36  Drone x3  
  39  3:37  Drone x2  
  44  3:41  Extractor  
  44  3:43  Drone x2, Extractor  
  44  4:09  Overlord  
  44  4:13  Overlord  
  44  4:15  Overlord  
  44  4:27  Queen  
  44  4:28  Drone x4  
  44  4:30  Overlord  
  50  4:32  Spire  
  50  4:38  Queen  
  49  4:41  Overseer  
  51  4:48  Drone  
  51  4:50  Drone  
  51  4:51  Drone x2  
  51  4:52  Overlord  
  55  4:53  Overlord, Overseer  
  55  4:57  Overseer  
  55  5:11  Spore Crawler  
  55  5:12  Overlord  
  55  5:13  Spore Crawler  
  52  5:39  Spine Crawler x2  
  50  5:43  Mutalisk x6  
  50  5:44  Mutalisk x2  
  66  5:56  Zergling x2  
  65  5:57  Zergling x10  
  46  6:30  Drone x3  
  49  6:38  Drone x3  
  50  6:46  Overlord  
  50  7:00  Drone  
  50  7:01  Drone  
  52  7:02  Mutalisk  
  52  7:03  Mutalisk x3  
  52  7:06  Drone x2  
  62  7:22  Mutalisk  
  62  7:23  Mutalisk  
  66  7:31  Spine Crawler x2  
  58  7:51  Drone x3  
  50  7:55  Hydralisk Den  
  52  8:04  Hatchery  
  51  8:10  Zerg Flyer Weapons Level 1  
  51  8:13  Drone x4  
  55  8:27  Drone x2  
  55  8:29  Evolution Chamber  
  55  8:30  Evolution Chamber  
  49  8:58  Overlord  
  49  8:59  Zerg Missile Weapons Level 1, Hydralisk x3, Zerg Ground Armor Level 1  
  49  9:00  Hydralisk x6  
  61  9:07  Muscular Augments  
  61  9:17  Drone x5  
  66  9:42  Queen  
  68  9:46  Drone x2  
  68  9:48  Spine Crawler  
  68  9:49  Spine Crawler  
  68  9:51  Spine Crawler  
  68  9:52  Drone x3  
  70  9:53  Drone  
  70  9:59  Overlord  
  69  10:19  Lurker Den  
  69  10:20  Mutalisk  
  71  10:23  Overlord  
  71  10:24  Drone x2  
  71  10:25  Drone  
  71  10:28  Mutalisk x4  
  82  10:41  Hydralisk x3  
  88  10:44  Overlord  
  88  10:45  Drone  
  88  10:46  Drone x4  
  88  10:47  Drone  
  94  11:06  Drone  
  94  11:07  Overlord, Zerg Ground Armor Level 2, Zerg Missile Weapons Level 2  
  95  11:15  Overlord  
  95  11:17  Drone x2  
  97  11:20  Extractor x2  
  97  11:22  Spore Crawler  
  97  11:23  Overseer  
  94  11:48  Lurker x8  
  94  11:49  Hydralisk  
  94  11:50  Hydralisk  
  94  11:52  Overlord  
  106  12:14  Hydralisk x7  
  120  12:22  Overlord  
  120  12:40  Hydralisk x8  
  136  12:50  Drone  
  136  12:51  Drone x2  
  139  13:15  Extractor  
  139  13:16  Hatchery  
  139  13:19  Extractor  
  136  13:25  Hydralisk x15  
  166  13:27  Overlord x2  
  166  13:28  Overlord  
  166  13:39  Overseer  
  166  13:47  Hydralisk x6  
  178  14:00  Overlord  
  178  14:01  Zergling x16  
  186  14:06  Infestation Pit  
  149  14:45  Hydralisk x10  
Show
View Real Time Build Order
Export as new Build Order

Asbek Terran 

Build Orders: Hellion Opening 

Get SALT Encoding   

  12  0:02  SCV  
  13  0:14  SCV  
  13  0:18  Supply Depot  
  14  0:26  SCV  
  15  0:34  Refinery  
  15  0:40  SCV  
  16  0:46  Barracks  
  16  0:52  SCV  
  17  1:06  SCV  
  19  1:19  Refinery  
  19  1:20  SCV  
  20  1:32  SCV  
  20  1:36  Supply Depot  
  20  1:45  Orbital Command  
  20  1:51  Factory  
  20  2:06  Factory  
  20  2:11  SCV  
  21  2:23  SCV  
  22  2:30  Marine  
  22  2:35  SCV  
  22  2:36  Armory  
  24  2:42  Factory Reactor  
  23  2:48  SCV  
  24  2:51  Factory Tech Lab  
  24  2:58  Marine  
  24  2:59  Supply Depot  
  24  3:00  SCV  
  24  3:03  Supply Depot  
  26  3:12  SCV  
  27  3:14  Supply Depot  
  27  3:19  Hellion  
  31  3:20  Hellion  
  31  3:24  SCV, Infernal Pre-Igniter  
  32  3:35  Hellion  
  34  3:43  Hellion x2  
  38  3:49  SCV, Supply Depot  
  39  3:58  Hellion  
  41  4:06  Supply Depot  
  41  4:11  SCV, Hellion x2  
  46  4:20  Supply Depot  
  46  4:22  Hellion  
  48  4:32  Hellion  
  48  4:33  Hellion  
  52  4:40  SCV  
  52  4:43  Hellion  
  55  4:49  Starport  
  55  4:55  Hellion  
  55  4:57  Hellion  
  59  5:04  Hellion  
  61  5:08  Supply Depot  
  61  5:19  SCV  
  62  5:29  Hellion  
  62  5:30  Hellion  
  66  5:36  SCV  
  57  6:18  Widow Mine x2  
  45  6:30  Widow Mine  
  41  6:33  Barracks  
  41  6:36  Barracks  
  41  6:41  Command Center  
  41  6:45  Supply Depot, Engineering Bay  
  41  6:46  Supply Depot, Widow Mine  
  39  6:47  SCV  
  39  6:51  Widow Mine  
  42  6:58  Widow Mine, Starport Reactor  
  44  7:02  Fusion Core  
  44  7:06  SCV  
  45  7:25  Widow Mine  
  45  7:26  Widow Mine  
  49  7:34  Widow Mine  
  51  7:42  Supply Depot  
  51  7:43  Supply Depot  
  51  7:50  SCV  
  52  8:01  Widow Mine x2  
  56  8:14  SCV  
  57  8:25  Refinery  
  57  8:26  SCV  
  58  8:30  Refinery, Missile Turret  
  58  8:33  Missile Turret  
  58  8:38  SCV  
  58  8:40  SCV  
  58  8:50  SCV  
  58  8:52  SCV  
  50  9:03  Widow Mine x3  
  50  9:04  SCV  
  57  9:15  Medivac  
  57  9:16  SCV  
  61  9:23  Orbital Command  
  60  9:36  Widow Mine  
  60  9:38  SCV  
  63  9:50  SCV  
  64  10:00  SCV  
  64  10:02  SCV  
  56  10:12  SCV, Liberator x2  
  55  10:20  Widow Mine x2  
  59  10:22  Barracks Tech Lab  
  59  10:23  Barracks Tech Lab  
  59  10:24  SCV  
  59  10:26  Barracks Reactor  
  60  10:35  Barracks  
  66  10:36  Barracks  
  66  10:37  SCV  
  66  10:40  Barracks  
  67  10:46  Marine  
  67  10:47  Marine  
  67  10:49  SCV  
  70  10:53  Siege Tank  
  73  11:01  SCV  
  74  11:04  Marine x2  
  74  11:05  Marine x2  
  78  11:12  Supply Depot  
  78  11:13  SCV  
  78  11:17  Missile Turret  
  79  11:20  Combat Shields  
  79  11:22  Marine x3  
  79  11:23  Stimpack, Marine  
  79  11:25  SCV, Siege Tank  
  87  11:37  SCV  
  87  11:38  Missile Turret  
  88  11:40  Marine x4  
  88  11:43  Marine x2  
  94  11:48  Factory  
  94  12:20  Siege Tank  
  97  12:23  Marine x2  
  97  12:25  Barracks Tech Lab  
  97  12:26  Barracks Reactor  
  99  12:36  Command Center  
  99  12:51  SCV  
  99  12:52  Siege Tank  
  103  13:03  SCV  
  104  13:07  Marine x2  
  104  13:09  Starport  
  106  13:15  Marine  
  107  13:29  Marine x2  
  109  13:53  Marine  
  109  13:54  Marine x2  
  109  13:55  Marine  
  113  14:04  Marine  
  113  14:05  Marine x2  
  116  14:11  Marine x2  
  116  14:12  Marine  
  119  14:18  Marine  
  119  14:22  Marine x2  
  119  14:23  Medivac, Marine  
  125  14:29  Marine, Medivac  
  81  14:42  Marine  
  81  14:43  Marine x2  
  81  14:44  Marine x2  
Tags
 
Add a new tag
Caveats
  • Supply blocks, unpowered buildings, or Contaminate may cause inaccurate times.
  • Supply counts are checked every 10 seconds.